 Dungeon Crawl Stone Soup version 0.20-a0-633-gff4aa5c (webtiles) character file.

4654 polly the Basher (level 10, -4/63 HPs)
             Began as a Gargoyle Fighter on Feb 12, 2017.
             Was an Elder of Okawaru.
             Slain by a five-headed hydra (8 damage)
             ... on level 7 of the Dungeon.
             The game lasted 00:13:03 (7429 turns).

polly the Basher (Gargoyle Fighter)                 Turns: 7429, Time: 00:13:03

Health: -4/63      AC: 24    Str: 29    XL:     10   Next: 43%
Magic:  9/10       EV: 10    Int: 14    God:    Okawaru [****..]
Gold:   486        SH: 14    Dex:  8    Spells: 9/9 levels left

rFire    . . .     SeeInvis .   w - +0 morningstar
rCold    . . .     Gourm    .   F - +0 plate armour
rNeg     + . .     Faith    .   c - +0 shield
rPois    ∞         Spirit   .   (helmet restricted)
rElec    +         Reflect  .   (no cloak)
rCorr    .         Harm     .   (no gloves)
MR       .....     Clarity  +   a - +0 pair of boots
Stlth    ..........             (no amulet)
Regen    0.2/turn               j - +4 ring of intelligence
                                r - +3 ring of strength

@: mighty, about to teleport, heroism, slowed, very slow
A: antennae 1, clarity, clumsy 1, negative energy resistance 1, electricity
resistance, unbreathing, petrification resistance, rot immunity, AC +7
a: Heroism, Renounce Religion


You were on level 7 of the Dungeon.
You worshipped Okawaru.
Okawaru was greatly pleased with you.
You were hungry.

You visited 1 branch of the dungeon, and saw 8 of its levels.

You collected 486 gold pieces.

Inventory:

Hand Weapons
 w - a +0 morningstar (weapon)
Armour
 a - a +0 pair of boots (worn)
 c - a +0 shield (worn)
 D - a +0 helmet
 F - a +0 plate armour (worn)
Jewellery
 j - a +4 ring of intelligence (right hand)
 r - a +3 ring of strength (left hand)
 J - an uncursed ring of see invisible {unknown}
Wands
 G - a wand of digging (13/24)
 I - a wand of random effects (30/48)
Scrolls
 b - 3 scrolls of remove curse {unknown}
 h - 3 scrolls of immolation {unknown}
 i - 5 scrolls of teleportation
 k - 2 scrolls of enchant weapon {unknown}
 o - 5 scrolls of blinking {unknown}
 p - 2 scrolls of noise {unknown}
 q - 3 scrolls of identify
 s - 2 scrolls of recharging {unknown}
 u - a scroll of amnesia {unknown}
 y - 2 scrolls of random uselessness {unknown}
 E - a scroll of vulnerability {unknown}
Potions
 d - 2 potions of might
 e - 3 potions of mutation {unknown}
 m - a potion of curing
 n - 2 potions of haste
 t - a potion of magic
 v - 3 potions of ambrosia {unknown}
 z - a potion of brilliance
 A - a potion of lignification {unknown}
 C - 3 potions of cancellation {unknown}
Books
 x - a book of Flames

   Spells                             Type                      Level
   a - Flame Tongue                   Conjuration/Fire             1
   b - Throw Flame                    Conjuration/Fire             2
   c - Conjure Flame                  Conjuration/Fire             3
   d - Inner Flame                    Hexes/Fire                   3
   e - Sticky Flame                   Conjuration/Fire             4
   f - Fireball                       Conjuration/Fire             5
Comestibles
 f - 11 bread rations
 g - 4 meat rations


   Skills:
 + Level 7.0(12.0) Fighting
 + Level 9.9(14.9) Maces & Flails
 + Level 7.5(12.5) Armour
 + Level 1.9(6.9) Dodging
 + Level 1.0(6.0) Stealth
 + Level 8.6(13.6) Shields


You had 9 spell levels left.
You didn't know any spells.

Dungeon Overview and Level Annotations

Branches:
Dungeon (8/15)             Temple (0/1) D:6
   Lair: D:8-11

Altars:
Ashenzari
Cheibriados
Hepliaklqana
Nemelex Xobeh
Okawaru
Ru
Xom


Innate Abilities, Weirdness & Mutations

You are resistant to torment.
Your stone body is resilient. (AC +7)
You are immune to poison.
You resist negative energy. (rN+)
You are resistant to electric shocks. (rElec)
You can survive without breathing.
You are immune to petrification.
You are immune to rotting.
You have a pair of small antennae on your head.
You possess an exceptional clarity of mind.
You are clumsy. (Dex -2)


Message History

You block the five-headed hydra's attack.
The five-headed hydra bites you but does no damage.
You block the five-headed hydra's attack.
The five-headed hydra bites you.
* * * LOW HITPOINT WARNING * * *
The five-headed hydra bites you but does no damage.
You block the five-headed hydra's attack.
The five-headed hydra closely misses you.
As you read the scroll of teleportation, it crumbles to dust.
You feel strangely unstable.
You block the five-headed hydra's attack.
The five-headed hydra barely misses you.
You block the five-headed hydra's attack.
The five-headed hydra bites you but does no damage.
The five-headed hydra bites you.
* * * LOW HITPOINT WARNING * * *
The five-headed hydra bites you.
* * * LOW HITPOINT WARNING * * *
The five-headed hydra bites you!
You die...

...##...#.............(.......)..
......................#.####..##.
.................................
......###########################
[.....##..#....##.#.#.#.#.#......
......#.#.###.#.##.......##.#.#.#
......#..#...#..#..###....#..#.#.
......#.#.....####.#[#...##.#....
......#{#..⌠z{#.@..##.##.....#...
'#.)..###...Y)#D##...#.#.##.#....
.#.)..#..#..{#z.#....###..#..#.#.
.).[..#.#5###.#.##.......##.#.#.#
......##....#..##.#.#.#.#.#......
......#####.###################.#
......###.....## #......
..<...##..)....## ##.#.#.
......#...###...#{ #+#'#'


You could see a five-headed hydra and a wight.

Vanquished Creatures
  An ogre mage (D:7)
  The ghost of Mattviviwu the Covered, an amateur MiFi (D:4)
  A hungry ghost (D:7)
  3 orc warriors
  2 ice beasts (D:7)
  2 phantoms (D:7)
  2 sky beasts
  A black bear (D:7)
  2 ogres
  2 centaurs
  Blork the orc (D:6)
  A big kobold (D:7)
  3 bullfrogs
  2 scorpions
  3 killer bees (D:8)
  4 wights
  3 howler monkeys
  A bullfrog zombie (D:7)
  2 crimson imps
  7 hounds
  5 orc priests
  2 bullfrog skeletons (D:7)
  A gnoll shaman (D:5)
  A jelly (D:7)
  11 orc wizards
  2 iguanas
  9 worker ants
  A killer bee zombie (D:5)
  2 hound skeletons (D:4)
  2 worker ant zombies (D:5)
  10 adders
  16 gnolls
  A howler monkey skeleton (D:5)
  A shadow imp (D:8)
  2 oozes
  An adder zombie (D:7)
  An adder skeleton (D:4)
  A worm (D:4)
  4 dart slugs
  2 leopard geckos (D:6)
  33 orcs
  A ball python (D:3)
  5 bats
  6 giant cockroaches
  6 goblins
  5 hobgoblins
  6 jackals
  5 kobolds
  5 quokkas
  8 frilled lizards
  5 rats
204 creatures vanquished.

Notes
Turn   | Place    | Note
-------+----------+-------------------------------------------
     0 | D:1      | polly the Gargoyle Fighter began the quest for the Orb.
     0 | D:1      | Reached XP level 1. HP: 14/14 MP: 1/1
   258 | D:1      | Reached XP level 2. HP: 19/19 MP: 2/2
   737 | D:1      | Reached XP level 3. HP: 21/23 MP: 3/3
  1387 | D:2      | Reached XP level 4. HP: 21/28 MP: 4/4
  1650 | D:2      | Found an iron altar of Okawaru.
  1653 | D:2      | Became a worshipper of Warmaster Okawaru
  1864 | D:3      | Reached skill level 3 in Maces & Flails
  1864 | D:3      | Reached XP level 5. HP: 25/33 MP: 5/5
  2100 | D:3      | Found a shimmering altar of Xom.
  2178 | D:3      | Found a hazy altar of Hepliaklqana.
  2365 | D:3      | Found a snail-covered altar of Cheibriados.
  2545 | D:4      | Reached XP level 6. HP: 36/38 MP: 6/6
  2584 | D:4      | Reached skill level 1 in Dodging
  2597 | D:4      | Reached skill level 4 in Maces & Flails
  2781 | D:4      | Noticed a sky beast
  2804 | D:4      | Killed a sky beast
  2840 | D:4      | Reached XP level 7. HP: 24/43 MP: 7/7
  2904 | D:4      | Noticed Mattviviwu's ghost (amateur MiFi)
  2925 | D:4      | Killed Mattviviwu's ghost
  2925 | D:4      | Reached * piety under Okawaru
  2925 | D:4      | Reached skill level 5 in Maces & Flails
  2925 | D:4      | Reached skill level 5 in Shields
  3270 | D:4      | Reached skill level 5 in Armour
  3464 | D:4      | Reached XP level 8. HP: 48/48 MP: 8/8
  3479 | D:4      | Found a sacrificial altar of Ru.
  3783 | D:5      | Entered Level 5 of the Dungeon
  3860 | D:5      | Reached skill level 6 in Maces & Flails
  3878 | D:5      | Reached skill level 5 in Fighting
  3892 | D:5      | Found a shattered altar of Ashenzari.
  4656 | D:5      | Reached ** piety under Okawaru
  5072 | D:6      | Found a sparkling altar of Nemelex Xobeh.
  5090 | D:6      | Reached skill level 7 in Maces & Flails
  5134 | D:6      | Noticed Blork the orc
  5148 | D:6      | Killed Blork the orc
  5236 | D:6      | Reached XP level 9. HP: 49/54 MP: 9/9
  5316 | D:6      | Gained mutation: You are clumsy. (Dex -2) [mutagenic meat]
  5318 | D:6      | Gained mutation: You have a pair of small antennae on your head. [mutagenic meat]
  5320 | D:6      | Gained mutation: You possess an exceptional clarity of mind. [mutagenic meat]
  5361 | D:6      | Reached skill level 8 in Maces & Flails
  5418 | D:6      | Found a staircase to the Ecumenical Temple.
  5742 | D:7      | Reached *** piety under Okawaru
  6183 | D:7      | Reached skill level 9 in Maces & Flails
  6208 | D:7      | Noticed a harpy
  6208 | D:7      | Noticed an ogre mage
  6481 | D:8      | Reached skill level 1 in Stealth
  6692 | D:7      | Reached XP level 10. HP: 61/61 MP: 10/10
  6768 | D:7      | Reached **** piety under Okawaru
  6785 | D:7      | Found a sacrificial altar of Ru.
  7392 | D:7      | Noticed a five-headed hydra
  7418 | D:7      | Killed an ogre mage
  7429 | D:7      | Slain by a five-headed hydra

Vault maps used:
D:1:      doesnt_arrival_eight_statues
D:2:      okawaru_metal_pillars_1_2
D:3:      overflow_temple_1_default, lemuel_coloured_pillars_altar,
          nicolae_overflow_crystal_walls, first_bread,
          minmay_misc_feat_nine_boxes, minivault_24
D:4:      minmay_ruined_shrine
D:5:      lemuel_round_altar
D:6:      lemuel_crystal_altar, serial_park_tiny_1, hangedman_decor_push,
          grunt_decor_one_mirror, minmay_misc_feat_room,
          corexii_leaking_fountain, uniq_blork_the_orc
D:7:      lemuel_ice_spiral_2, overflow_temple_1_default, grunt_ogre_cave,
          minmay_the_grid_3x2
D:8:      lemuel_round_altar

Skill      XL: |  1  2  3  4  5  6  7  8  9 10 |
---------------+-------------------------------+-----
Shields        | 4 5 7 8 |  8.6
Armour         | 4 5 6 7 |  7.5
Maces & Flails | 3 4 5 7 9 |  9.9
Fighting       | 4 5 6 7 |  7.0
Dodging        | 1 |  1.9
Stealth        | 1 |  1.0

Action                   |  1- 3 |  4- 6 |  7- 9 | 10-12 || total
-------------------------+-------+-------+-------+-------++-------
Melee: Flail             |   149 |   202 |       |       ||   351
       Morningstar       |       |    51 |   603 |   144 ||   798
Invok: Heroism           |       |       |       |     1 ||     1
  Use: Potion            |       |       |     1 |     3 ||     4
       Scroll            |       |       |     8 |     1 ||     9
  Eat: Chunk             |     2 |     4 |    16 |     3 ||    25
       Royal jelly       |       |       |     3 |       ||     3
       Fruit             |       |       |     3 |       ||     3
Armor: Scale mail        |   108 |   146 |       |       ||   254
       Chain mail        |       |    34 |   272 |       ||   306
       Plate armour      |       |       |   213 |   165 ||   378
Dodge: Dodged            |    57 |    69 |   178 |    59 ||   363
Block: Shield            |    91 |   136 |   417 |   110 ||   754
